Map: Dreamcatcher LE

Players

JonSnow - Winner!

  • Race: Zerg Zerg
  • Spawn Location: 5:00

PandaBearMe

  • Race: Zerg Zerg
  • Spawn Location: 11:00

Event: WCS Austin 2018

VOD

Have the link to the VOD?

Description

Time

  • Played on: June 1, 2018, 5:51 p.m.
  • Length: 8:40

All games in this series

Show
View Real Time Build Order
Export as new Build Order

JonSnow Zerg - Winner!

Build Orders: Hatch First 

Get SALT Encoding   

  12  0:00  Drone  
  13  0:12  Overlord  
  13  0:18  Drone  
  14  0:30  Drone x2  
  16  0:36  Drone  
  17  0:51  Hatchery  
  17  0:56  Drone  
  17  0:59  Drone  
  18  1:12  Spawning Pool  
  18  1:15  Drone  
  18  1:18  Extractor  
  17  1:20  Drone  
  18  1:28  Drone  
  19  1:39  Drone  
  20  1:49  Overlord  
  20  1:59  Queen  
  22  2:03  Queen  
  22  2:05  Drone x2  
  26  2:11  Drone  
  27  2:16  Drone  
  27  2:22  Drone  
  29  2:25  Drone  
  30  2:31  Overlord  
  30  2:35  Drone  
  31  2:39  Queen  
  31  2:43  Drone  
  34  2:47  Drone  
  35  2:53  Drone  
  35  2:55  Lair  
  36  3:00  Evolution Chamber, Drone  
  36  3:02  Roach Warren  
  36  3:05  Drone  
  36  3:06  Drone  
  36  3:07  Overlord  
  37  3:12  Extractor  
  37  3:14  Overlord, Extractor  
  37  3:17  Drone  
  36  3:25  Drone  
  36  3:26  Extractor  
  36  3:27  Drone x3  
  36  3:28  Drone  
  36  3:33  Drone  
  41  3:38  Drone x2  
  43  3:46  Metabolic Boost  
  43  3:47  Overlord  
  43  3:53  Spire  
  42  3:59  Roach  
  42  4:00  Drone  
  42  4:01  Drone  
  46  4:06  Drone x2  
  48  4:11  Overseer  
  48  4:14  Drone  
  48  4:16  Drone  
  50  4:18  Overlord  
  50  4:26  Overlord  
  50  4:28  Drone x4  
  54  4:47  Hatchery  
  54  4:49  Overlord  
  53  5:07  Mutalisk x7  
  53  5:09  Mutalisk  
  53  5:12  Zergling x2  
  53  5:13  Zergling x2  
  71  5:18  Mutalisk  
  71  5:21  Drone x2  
  75  5:22  Drone  
  76  5:30  Drone  
  76  5:34  Overlord  
  77  5:36  Drone x5  
  81  5:44  Mutalisk  
  81  5:47  Overlord, Extractor  
  81  5:48  Zerg Flyer Armor Level 1  
  82  5:50  Extractor  
  82  5:56  Mutalisk  
  83  6:00  Zergling x2  
  83  6:03  Mutalisk  
  86  6:11  Mutalisk  
  86  6:17  Drone x8  
  96  6:21  Overlord  
  96  6:30  Mutalisk  
  96  6:32  Overlord x2  
  97  6:39  Overlord  
  97  6:42  Mutalisk x2  
  97  6:43  Mutalisk x2  
  105  6:48  Overlord  
  105  6:50  Mutalisk  
  105  6:53  Zergling x12  
  113  7:01  Mutalisk x2  
  112  7:07  Mutalisk  
  117  7:11  Zergling x2  
  117  7:12  Hatchery, Zergling x2  
  118  7:16  Mutalisk  
  120  7:24  Mutalisk  
  120  7:26  Mutalisk  
  120  7:28  Zergling x2  
  120  7:29  Zergling x12  
  131  7:31  Overlord  
  131  7:41  Mutalisk  
  133  7:47  Mutalisk  
  125  7:51  Zergling x2  
  125  7:52  Zergling x16  
  125  7:54  Mutalisk  
  132  8:00  Mutalisk  
  129  8:10  Mutalisk x2  
  129  8:12  Zergling x6  
  116  8:21  Zergling x2  
  116  8:22  Zergling x10  
  113  8:39  Extractor  
Show
View Real Time Build Order
Export as new Build Order

PandaBearMe Zerg 

Build Orders: Hatch First 

Get SALT Encoding   

  12  0:01  Drone  
  13  0:12  Overlord  
  13  0:23  Drone  
  14  0:31  Drone x2  
  16  0:49  Hatchery  
  15  0:52  Drone  
  15  0:55  Drone  
  17  0:59  Drone  
  17  1:01  Extractor  
  17  1:14  Spawning Pool  
  17  1:18  Drone  
  17  1:20  Drone  
  18  1:28  Drone  
  19  1:42  Overlord  
  19  2:01  Queen x2  
  19  2:03  Zergling x2  
  19  2:04  Metabolic Boost  
  19  2:07  Drone  
  25  2:10  Drone  
  25  2:14  Drone  
  25  2:15  Drone  
  28  2:21  Drone  
  29  2:23  Drone  
  30  2:31  Baneling Nest  
  30  2:32  Drone  
  30  2:33  Drone  
  31  2:40  Queen  
  33  2:46  Overlord  
  33  2:51  Zergling x2  
  34  2:58  Drone  
  34  2:59  Drone  
  34  3:03  Lair  
  36  3:12  Overlord, Drone x3  
  39  3:20  Drone x4  
  39  3:25  Extractor  
  41  3:27  Overlord, Extractor  
  41  3:32  Drone x2, Extractor  
  41  3:39  Drone  
  42  3:43  Drone  
  43  3:52  Drone x3  
  43  3:55  Drone x2  
  48  4:00  Spine Crawler, Baneling  
  47  4:04  Zergling x2  
  47  4:05  Zergling x2  
  47  4:07  Baneling  
  49  4:11  Drone x2  
  49  4:15  Drone, Spire  
  51  4:21  Drone x2  
  51  4:23  Drone  
  54  4:29  Hatchery  
  53  4:34  Baneling  
  53  4:38  Zergling x8  
  54  4:44  Overlord  
  57  4:47  Spine Crawler  
  57  4:48  Spine Crawler  
  55  4:56  Overlord  
  55  4:57  Overlord  
  55  5:02  Spine Crawler  
  55  5:06  Spine Crawler  
  56  5:14  Zergling x2  
  56  5:15  Zergling x14  
  64  5:25  Drone  
  65  5:31  Extractor  
  64  5:36  Extractor  
  64  5:41  Mutalisk  
  64  5:42  Mutalisk x3  
  70  5:43  Mutalisk x4  
  78  5:54  Overlord  
  77  5:58  Overlord  
  77  6:02  Overlord  
  77  6:04  Zerg Flyer Armor Level 1  
  77  6:06  Overlord  
  77  6:13  Overlord, Mutalisk  
  77  6:14  Mutalisk  
  81  6:19  Overlord, Mutalisk x2  
  81  6:20  Mutalisk  
  87  6:28  Drone x3  
  87  6:29  Drone  
  88  6:34  Mutalisk  
  88  6:38  Mutalisk  
  92  6:44  Mutalisk  
  92  6:45  Mutalisk  
  95  6:50  Drone x2  
  95  6:53  Mutalisk  
  99  6:56  Mutalisk  
  101  7:04  Mutalisk  
  101  7:06  Drone x3  
  106  7:09  Mutalisk  
  108  7:19  Mutalisk  
  110  7:25  Mutalisk  
  110  7:26  Drone  
  110  7:27  Drone x5  
  118  7:30  Mutalisk  
  118  7:34  Mutalisk  
  122  7:46  Mutalisk  
  112  7:52  Mutalisk x2  
  112  7:57  Queen x2  
  112  7:58  Drone x2  
  108  8:07  Mutalisk x2  
  108  8:08  Zergling x6  
  108  8:12  Mutalisk  
  103  8:19  Zergling x2  
  95  8:20  Zergling x8  
Tags
 
Add a new tag
Caveats
  • Supply blocks, unpowered buildings, or Contaminate may cause inaccurate times.
  • Supply counts are checked every 10 seconds.